TOP OF THE 1ST |
---|
Tuscaloosa Trout Slayers batting - Pitching for Birmingham Barons : RHP Pedro Valdés | Pitching: RHP Pedro Valdés | | Batting: RHB Lynn Ford | 0-0: Swinging Strike 0-1: Called Strike 0-2: Ball 1-2: Ball 2-2: Ball 3-2: Strikes out swinging | Batting: RHB José Fernández | 0-0: Ball 1-0: Ball 2-0: Called Strike 2-1: Foul Ball, location: 2F 2-2: Ball 3-2: Base on Balls | Batting: LHB Marcos Villarreal | 0-0: Ball 1-0: Ball 2-0: Fly out, F5 (Popup, 5) | Batting: RHB Kyle O'Day | 0-0: Swinging Strike 0-1: Ball 1-1: SINGLE (Groundball, 4MD) José Fernández to second | Batting: RHB Alfredo Díaz | 0-0: Ball 1-0: Foul Ball, location: 2F 1-1: Ball 2-1: Foul Ball, location: 2F 2-2: Ball 3-2: Ground out 6-3 (Groundball, 6) | Top of the 1st over - 0 runs, 1 hit, 0 errors, 2 left on base; Tuscaloosa 0 - Birmingham 0 | BOTTOM OF THE 1ST |
---|
Birmingham Barons batting - Pitching for Tuscaloosa Trout Slayers : RHP Matt McGinnity | Pitching: RHP Matt McGinnity | | Batting: RHB Pete Smith | 0-0: Ball 1-0: Ground out 4-3 (Groundball, 4M) | Batting: RHB José Montoya | 0-0: Called Strike 0-1: SINGLE (Groundball, 6MD) | Batting: LHB José Rivera | 0-0: Called Strike 0-1: Ball 1-1: Fly out, F9 (Flyball, 9S) | Batting: RHB Bryant von Bohlen | 0-0: Ball 1-0: Ball 2-0: Ball 3-0: Called Strike 3-1: Base on Balls José Montoya to second | Batting: LHB Robinson López | 0-0: Called Strike 0-1: Foul Ball, location: 2F 0-2: Ball 1-2: Ball 2-2: SINGLE (Flyball, 7LS) José Montoya to third Bryant von Bohlen to second Runner from 3rd tries for Home, SAFE, throw made home | Batting: RHB Carlos Vásquez | 0-0: Swinging Strike 0-1: Foul Ball, location: 2F 0-2: Ball Wild Pitch! Bryant von Bohlen to third Robinson López to second 1-2: Ball 2-2: Fly out, F7 (Flyball, 78S) | Bottom of the 1st over - 1 run, 2 hits, 0 errors, 2 left on base; Tuscaloosa 0 - Birmingham 1 | TOP OF THE 2ND |
---|
Tuscaloosa Trout Slayers batting - Pitching for Birmingham Barons : RHP Pedro Valdés | Batting: LHB Mark Owens | 0-0: Ground out 4-3 (Groundball, 4) | Batting: RHB Juan Reyes | 0-0: Called Strike 0-1: Ball 1-1: Swinging Strike 1-2: Ball 2-2: Foul Ball, location: 2F 2-2: Foul Ball, location: 2F 2-2: SINGLE (Flyball, 8RS) | Batting: RHB Satoru Daikawa | 0-0: Ball 1-0: Fly out, F8 (Flyball, 8RD) | Batting: RHB José Ortega | 0-0: Called Strike 0-1: Swinging Strike 0-2: Foul Ball, location: 2F 0-2: Ball 1-2: Strikes out swinging | Top of the 2nd over - 0 runs, 1 hit, 0 errors, 1 left on base; Tuscaloosa 0 - Birmingham 1 | BOTTOM OF THE 2ND |
---|
Birmingham Barons batting - Pitching for Tuscaloosa Trout Slayers : RHP Matt McGinnity | Batting: RHB Warren Martin | 0-0: Ball 1-0: Ball 2-0: Swinging Strike 2-1: Called Strike 2-2: Foul Ball, location: 2F 2-2: Ball 3-2: Base on Balls | Batting: RHB Juan Jiménez | 0-0: Fielders Choice at 2nd, 3-6 (Groundball, 34) | Batting: LHB John Haney | 0-0: Foul Ball, location: 2F 0-1: Swinging Strike 0-2: Ball 1-2: Ball 2-2: Strikes out swinging | Batting: RHB Pete Smith | 0-0: Ball 1-0: Ball 2-0: Called Strike 2-1: Called Strike 2-2: Foul Ball, location: 2F 2-2: Ball 3-2: Foul Ball, location: 2F 3-2: Base on Balls Juan Jiménez to second | Batting: RHB José Montoya | 0-0: Ball 1-0: Called Strike 1-1: Ball 2-1: Fly out, F6 (Line Drive, 6) | Bottom of the 2nd over - 0 runs, 0 hits, 0 errors, 2 left on base; Tuscaloosa 0 - Birmingham 1 | TOP OF THE 3RD |
---|
Tuscaloosa Trout Slayers batting - Pitching for Birmingham Barons : RHP Pedro Valdés | Batting: RHB Lynn Ford | 0-0: Called Strike 0-1: Ball 1-1: Ball 2-1: Swinging Strike 2-2: Ball 3-2: Fly out, F4 (Line Drive, 4) | Batting: RHB José Fernández | 0-0: Ball 1-0: Ball 2-0: Ball 3-0: Foul Ball, location: 2F 3-1: Called Strike 3-2: Ground out 6-3 (Groundball, 6) | Batting: LHB Marcos Villarreal | 0-0: Called Strike 0-1: Ground out 4-3 (Groundball, 4D) | Top of the 3rd over - 0 runs, 0 hits, 0 errors, 0 left on base; Tuscaloosa 0 - Birmingham 1 | BOTTOM OF THE 3RD |
---|
Birmingham Barons batting - Pitching for Tuscaloosa Trout Slayers : RHP Matt McGinnity | Batting: LHB José Rivera | 0-0: Ball 1-0: Ball 2-0: Called Strike 2-1: Ball 3-1: DOUBLE (Line Drive, 9LD) | Batting: RHB Bryant von Bohlen | 0-0: Ball 1-0: Ground out 6-3 (Groundball, 6D) | Batting: LHB Robinson López | 0-0: Foul Ball, location: 2F 0-1: Ball 1-1: Ball 2-1: Foul Ball, location: 2F 2-2: Foul Ball, location: 2F 2-2: Foul Ball, location: 2F 2-2: Fly out, F7 (Flyball, 7S) | Batting: RHB Carlos Vásquez | 0-0: Ball 1-0: Called Strike 1-1: Reached on error, E6 (Groundball, 6) José Rivera scores | Batting: RHB Warren Martin | 0-0: Called Strike 0-1: Foul Ball, location: 2F 0-2: Ball 1-2: Foul Ball, location: 2F 1-2: Ball 2-2: SINGLE (Line Drive, 7S) Carlos Vásquez to third Runner from 3rd tries for Home, SAFE, no throw | Batting: RHB Juan Jiménez | 0-0: Called Strike 0-1: Ball 1-1: SINGLE (Groundball, 3D) Warren Martin to second Runner from 2nd tries for 3rd, SAFE, throw made to third | Batting: LHB John Haney | 0-0: Ball 1-0: Called Strike 1-1: Swinging Strike 1-2: Ball 2-2: Ball 3-2: Ground out 4-3 (Groundball, 6MS) | Bottom of the 3rd over - 2 runs, 3 hits, 1 error, 2 left on base; Tuscaloosa 0 - Birmingham 3 | TOP OF THE 4TH |
---|
Tuscaloosa Trout Slayers batting - Pitching for Birmingham Barons : RHP Pedro Valdés | Batting: RHB Kyle O'Day | 0-0: Ball 1-0: Called Strike 1-1: Foul Ball, location: 2F 1-2: Strikes out looking | Batting: RHB Alfredo Díaz | 0-0: Called Strike 0-1: Foul Ball, location: 2F 0-2: SINGLE (Line Drive, 56) | Batting: LHB Mark Owens | 0-0: Ball 1-0: Fly out, F4 (Line Drive, 4M) | Batting: RHB Juan Reyes | 0-0: Called Strike 0-1: Ball Alfredo Díaz steals 2nd base 1-1: Ball 2-1: Fly out, F8 (Flyball, 8RD) | Top of the 4th over - 0 runs, 1 hit, 0 errors, 1 left on base; Tuscaloosa 0 - Birmingham 3 | BOTTOM OF THE 4TH |
---|
Birmingham Barons batting - Pitching for Tuscaloosa Trout Slayers : RHP Matt McGinnity | Batting: RHB Pete Smith | 0-0: Ball 1-0: Called Strike 1-1: Ball 2-1: Ball 3-1: Base on Balls | Batting: RHB José Montoya | 0-0: Foul Ball, location: 2F 0-1: Called Strike 0-2: Foul Ball, location: 2F 0-2: Ball 1-2: Ball 2-2: SINGLE (Line Drive, 78M) Pete Smith to second | Batting: LHB José Rivera | 0-0: Ball 1-0: Foul Ball, location: 2F 1-1: Fly out, F9 (Flyball, 9S) | Batting: RHB Bryant von Bohlen | 0-0: Swinging Strike 0-1: Foul Ball, location: 2F 0-2: Ball 1-2: Ball 2-2: Foul Ball, location: 2F 2-2: Ground out 5-3 (Groundball, 56S) Pete Smith to third José Montoya to second | Batting: LHB Robinson López | 0-0: Called Strike 0-1: Ball 1-1: Ball 2-1: Ball 3-1: Fly out, F2 (Popup, 15S) | Bottom of the 4th over - 0 runs, 1 hit, 0 errors, 2 left on base; Tuscaloosa 0 - Birmingham 3 | TOP OF THE 5TH |
---|
Tuscaloosa Trout Slayers batting - Pitching for Birmingham Barons : RHP Pedro Valdés | Batting: RHB Satoru Daikawa | 0-0: Swinging Strike 0-1: Ball 1-1: Foul Ball, location: 2F 1-2: Strikes out looking | Batting: RHB José Ortega | 0-0: Ball 1-0: Foul Ball, location: 2F 1-1: Swinging Strike 1-2: Ground out 1-3 (Groundball, 15S) | Batting: RHB Lynn Ford | 0-0: Ball 1-0: Ball 2-0: Ground out 5-3 (Groundball, 56) | Top of the 5th over - 0 runs, 0 hits, 0 errors, 0 left on base; Tuscaloosa 0 - Birmingham 3 | BOTTOM OF THE 5TH |
---|
Birmingham Barons batting - Pitching for Tuscaloosa Trout Slayers : RHP Matt McGinnity | Pitching: RHP Marlon Ryan | | Batting: RHB Carlos Vásquez | 0-0: Ball 1-0: Foul Ball, location: 2F 1-1: Foul Ball, location: 2F 1-2: Foul Ball, location: 2F 1-2: Foul Ball, location: 2F 1-2: Foul Ball, location: 2F 1-2: SINGLE (Line Drive, 9S) | Batting: RHB Warren Martin | 0-0: Called Strike 0-1: Ball 1-1: Swinging Strike 1-2: Ball Carlos Vásquez steals 2nd base 2-2: Ball 3-2: Strikes out swinging | Batting: RHB Juan Jiménez | 0-0: Ball 1-0: Foul Ball, location: 2F 1-1: Called Strike 1-2: Ball 2-2: Foul Ball, location: 2F 2-2: Ball 3-2: Strikes out looking | Batting: LHB John Haney | 0-0: Ball 1-0: Ball 2-0: Foul Ball, location: 2F 2-1: Foul Ball, location: 2F 2-2: Foul Ball, location: 2F 2-2: Ball 3-2: Base on Balls | Batting: RHB Pete Smith | 0-0: Ball 1-0: Called Strike 1-1: Ball 2-1: Foul Ball, location: 2F 2-2: Ball 3-2: Fly out, F5 (Line Drive, 56) | Bottom of the 5th over - 0 runs, 1 hit, 0 errors, 2 left on base; Tuscaloosa 0 - Birmingham 3 | TOP OF THE 6TH |
---|
Tuscaloosa Trout Slayers batting - Pitching for Birmingham Barons : RHP Pedro Valdés | Batting: RHB José Fernández | 0-0: Called Strike 0-1: Fly out, F9 (Flyball, 9) | Batting: LHB Marcos Villarreal | 0-0: Swinging Strike 0-1: Ball 1-1: Called Strike 1-2: Foul Ball, location: 2F 1-2: Ball 2-2: Ground out 3-1 (Groundball, 34S) | Batting: RHB Kyle O'Day | 0-0: Ball 1-0: Ball 2-0: Ball 3-0: Base on Balls | Batting: RHB Alfredo Díaz | 0-0: Ball 1-0: Called Strike 1-1: Called Strike 1-2: 2-RUN HOME RUN (Flyball, 7D), Distance : 353 ft | Batting: LHB Mark Owens | 0-0: Ball 1-0: Ball 2-0: Called Strike 2-1: Fly out, F9 (Line Drive, 9S) | Top of the 6th over - 2 runs, 1 hit, 0 errors, 0 left on base; Tuscaloosa 2 - Birmingham 3 | BOTTOM OF THE 6TH |
---|
Birmingham Barons batting - Pitching for Tuscaloosa Trout Slayers : RHP Marlon Ryan | Batting: RHB José Montoya | 0-0: Ball 1-0: Ball 2-0: Called Strike 2-1: Ball 3-1: Swinging Strike 3-2: Foul Ball, location: 2F 3-2: SINGLE (Line Drive, 3D) | Batting: LHB José Rivera | 0-0: Called Strike 0-1: Foul Ball, location: 2F 0-2: Ball 1-2: Grounds into double play, 4-6-3 (Groundball, 4) | Batting: RHB Bryant von Bohlen | 0-0: Ground out 3-1 (Groundball, 34) | Bottom of the 6th over - 0 runs, 1 hit, 0 errors, 0 left on base; Tuscaloosa 2 - Birmingham 3 | TOP OF THE 7TH |
---|
Tuscaloosa Trout Slayers batting - Pitching for Birmingham Barons : RHP Pedro Valdés | Batting: RHB Juan Reyes | 0-0: Fly out, F9 (Line Drive, 9) | Batting: RHB Satoru Daikawa | 0-0: Ball 1-0: Foul Ball, location: 2F 1-1: Ball 2-1: Ball 3-1: Called Strike 3-2: Foul Ball, location: 2F 3-2: Fly out, F7 (Flyball, 7S) | Batting: RHB José Ortega | 0-0: Called Strike 0-1: Ground out 6-3 (Groundball, 56) | Top of the 7th over - 0 runs, 0 hits, 0 errors, 0 left on base; Tuscaloosa 2 - Birmingham 3 | BOTTOM OF THE 7TH |
---|
Birmingham Barons batting - Pitching for Tuscaloosa Trout Slayers : RHP Marlon Ryan | Pitching: LHP Mike Scott | | Batting: LHB Robinson López | 0-0: Called Strike 0-1: Ground out 1-3 (Groundball, 13S) | Pitching: RHP Víctor Viña | | Batting: RHB Carlos Vásquez | 0-0: Called Strike 0-1: Called Strike 0-2: Foul Ball, location: 2F 0-2: Ball 1-2: Ball 2-2: Foul Ball, location: 2F 2-2: SINGLE (Groundball, 6D) | Batting: RHB Warren Martin | 0-0: Ball 1-0: Foul Ball, location: 2F 1-1: Ball 2-1: Foul Ball, location: 2F 2-2: Foul Ball, location: 2F 2-2: Foul Ball, location: 2F 2-2: Ball 3-2: Fly out, F8 (Flyball, 8LS) | Pinch Hitting: LHB Al Gaines | 0-0: Ball 1-0: Ground out U3 (Groundball, 3L) | Bottom of the 7th over - 0 runs, 1 hit, 0 errors, 1 left on base; Tuscaloosa 2 - Birmingham 3 | TOP OF THE 8TH |
---|
Tuscaloosa Trout Slayers batting - Pitching for Birmingham Barons : RHP Pedro Valdés | Now at 3B: Curt Walker | | Batting: RHB Lynn Ford | 0-0: Ball 1-0: Called Strike 1-1: Ground out 1-3 (Groundball, P) | Batting: RHB José Fernández | 0-0: Ball 1-0: Swinging Strike 1-1: Foul Ball, location: 2F 1-2: Foul Ball, location: 2F 1-2: Ball 2-2: SINGLE (Flyball, 8RM) | Pitching: LHP Richard Simpson | | Pinch Runner at 1st Mark McDonald: | | Pinch Hitting: RHB Pat Fullerton | 0-0: Ball 1-0: Foul Ball, location: 2F 1-1: Ball 2-1: Foul Ball, location: 2F 2-2: Strikes out looking | Batting: RHB Kyle O'Day | 0-0: Ball 1-0: Ball 2-0: Foul Ball, location: 2F 2-1: Swinging Strike 2-2: Ball 3-2: Foul Ball, location: 2F 3-2: Strikes out swinging | Top of the 8th over - 0 runs, 1 hit, 0 errors, 1 left on base; Tuscaloosa 2 - Birmingham 3 | BOTTOM OF THE 8TH |
---|
Birmingham Barons batting - Pitching for Tuscaloosa Trout Slayers : RHP Víctor Viña | Now at 1B: Lowie van den Bogaert | | Batting: LHB John Haney | 0-0: Ball 1-0: Called Strike 1-1: Foul Ball, location: 2F 1-2: Ball 2-2: SINGLE (Line Drive, 5) | Pinch Hitting: SHB Orlando Aguilar | 0-0: Ball John Haney is caught stealing 2nd base 1-0: Ground out U3 (Groundball, 3) | Batting: RHB José Montoya | 0-0: Ball 1-0: Foul Ball, location: 2F 1-1: Ball 2-1: SINGLE (Line Drive, 6D) | Batting: LHB José Rivera | 0-0: Ball 1-0: Foul Ball, location: 2F 1-1: Ball 2-1: Foul Ball, location: 2F 2-2: Strikes out swinging | Bottom of the 8th over - 0 runs, 2 hits, 0 errors, 1 left on base; Tuscaloosa 2 - Birmingham 3 | TOP OF THE 9TH |
---|
Tuscaloosa Trout Slayers batting - Pitching for Birmingham Barons : LHP Richard Simpson | Now in LF: Orlando Aguilar | | Batting: RHB Alfredo Díaz | 0-0: SINGLE (Line Drive, 6) | Pinch Hitting: RHB Kurt Walter | 0-0: Ball 1-0: Bunted foul 1-1: Sac Bunt - play at first, batter OUT! 1-4 Alfredo Díaz to second | Batting: RHB Juan Reyes | 0-0: Called Strike 0-1: Swinging Strike 0-2: Ball 1-2: Ball 2-2: Hit by Pitch | Batting: RHB Satoru Daikawa | 0-0: Ball 1-0: SINGLE (Groundball, 4D) Alfredo Díaz to third Juan Reyes to second Runner from 3rd tries for Home, SAFE, throw made home | Pinch Runner at 2nd Iván Moreno: | | Batting: RHB José Ortega | 0-0: Called Strike Iván Moreno steals 3rd base 0-1: Foul Ball, location: 2F 0-2: Strikes out swinging | Batting: RHB Lynn Ford | 0-0: Ball 1-0: Ball 2-0: Ball 3-0: Called Strike 3-1: Fly out, F6 (Line Drive, 6) | Top of the 9th over - 1 run, 2 hits, 0 errors, 2 left on base; Tuscaloosa 3 - Birmingham 3 | BOTTOM OF THE 9TH |
---|
Birmingham Barons batting - Pitching for Tuscaloosa Trout Slayers : RHP Víctor Viña | Pitching: LHP Luis López | | Now at 3B: Pedro Juárez | | Now at SS: Iván Moreno | | Batting: RHB Bryant von Bohlen | 0-0: Ball 1-0: Ball 2-0: Called Strike 2-1: Ground out 4-3 (Groundball, 34D) | Pinch Hitting: RHB Dave Dawson | 0-0: Ball 1-0: Ball 2-0: Ball 3-0: Called Strike 3-1: Base on Balls | Batting: RHB Carlos Vásquez | 0-0: Ball 1-0: Swinging Strike 1-1: Fly out, F4 (Line Drive, 4) | Batting: RHB Warren Martin | 0-0: Ball 1-0: Ground out U3 (Groundball, 3) | Bottom of the 9th over - 0 runs, 0 hits, 0 errors, 1 left on base; Tuscaloosa 3 - Birmingham 3 | TOP OF THE 10TH |
---|
Tuscaloosa Trout Slayers batting - Pitching for Birmingham Barons : LHP Richard Simpson | Now at 2B: Dave Dawson | | Batting: RHB Mark McDonald | 0-0: Swinging Strike 0-1: Foul Ball, location: 2F 0-2: Ball 1-2: Ball 2-2: Ball 3-2: Foul Ball, location: 2F 3-2: Ground out 3-1 (Groundball, 34) | Batting: RHB Lowie van den Bogaert | 0-0: Ball 1-0: Ball 2-0: Ball 3-0: Base on Balls | Batting: RHB Kyle O'Day | 0-0: Ball 1-0: Ball 2-0: Fly out, F8 (Line Drive, 8RS) | Batting: RHB Alfredo Díaz | 0-0: Swinging Strike 0-1: Foul Ball, location: 2F 0-2: Ball 1-2: Fly out, F7 (Flyball, 78M) | Top of the 10th over - 0 runs, 0 hits, 0 errors, 1 left on base; Tuscaloosa 3 - Birmingham 3 | BOTTOM OF THE 10TH |
---|
Birmingham Barons batting - Pitching for Tuscaloosa Trout Slayers : LHP Luis López | Pinch Hitting: RHB Dean Bailey | 0-0: Ground out 6-3 (Groundball, 6M) | Batting: LHB John Haney | 0-0: Fly out, F8 (Flyball, 89D) | Pinch Hitting: RHB Fred Moulds | 0-0: Called Strike 0-1: Ball 1-1: Ball 2-1: Foul Ball, location: 2F 2-2: Ball 3-2: SINGLE (Groundball, 6MD) | Batting: RHB José Montoya | 0-0: Ball 1-0: Foul Ball, location: 2F 1-1: Fielders Choice at 2nd, 6-4 (Groundball, 56D) | Bottom of the 10th over - 0 runs, 1 hit, 0 errors, 1 left on base; Tuscaloosa 3 - Birmingham 3 | TOP OF THE 11TH |
---|
Tuscaloosa Trout Slayers batting - Pitching for Birmingham Barons : LHP Richard Simpson | Now at 3B: Fred Moulds | | Now in RF: Dean Bailey | | Pinch Hitting: RHB Shigemasa Ishida | 0-0: Swinging Strike 0-1: Foul Ball, location: 2F 0-2: Ball 1-2: Ball 2-2: Foul Ball, location: 2F 2-2: SINGLE (Flyball, 7S) | Batting: RHB Iván Moreno | 0-0: Ball 1-0: Ball 2-0: Sac Bunt - play at second, runner OUT! 5-6 | Batting: RHB Satoru Daikawa | 0-0: Called Strike 0-1: Ball 1-1: Ball 2-1: DOUBLE (Line Drive, 7LD) Iván Moreno to third | Pitching: RHP Guillermo Lozano | | Pinch Hitting: LHB Miguel Rosa | 0-0: Intentional Walk | Batting: RHB Lynn Ford | 0-0: Fly out, F7 (Flyball, 7LM) Runner from 3rd tags up, SCORES, throw made | Batting: RHB Mark McDonald | 0-0: Fly out, F8 (Flyball, 8LM) | Top of the 11th over - 1 run, 2 hits, 0 errors, 2 left on base; Tuscaloosa 4 - Birmingham 3 | BOTTOM OF THE 11TH |
---|
Birmingham Barons batting - Pitching for Tuscaloosa Trout Slayers : LHP Luis López | Pitching: RHP Tim Lyons | | Now at 2B: Miguel Rosa | | Now at 3B: Dave Hall | | Batting: LHB José Rivera | 0-0: Ball 1-0: Foul Ball, location: 2F 1-1: Ball 2-1: Swinging Strike 2-2: Foul Ball, location: 2F 2-2: Foul Ball, location: 2F 2-2: Foul Ball, location: 2F 2-2: Foul Ball, location: 2F 2-2: Foul Ball, location: 2F 2-2: Strikes out swinging | Batting: RHB Bryant von Bohlen | 0-0: Ball 1-0: Swinging Strike 1-1: Ball 2-1: Swinging Strike 2-2: Fly out, F8 (Flyball, 8RXD) | Batting: RHB Dave Dawson | 0-0: Foul Ball, location: 2F 0-1: Ball 1-1: Swinging Strike 1-2: SINGLE (Flyball, 8LS) | Batting: RHB Carlos Vásquez | 0-0: Called Strike 0-1: SINGLE (Flyball, 78M) Dave Dawson to second | Batting: RHB Warren Martin | 0-0: Swinging Strike 0-1: Called Strike 0-2: Ball 1-2: Ground out 4-3 (Groundball, 4) | Bottom of the 11th over - 0 runs, 2 hits, 0 errors, 2 left on base; Tuscaloosa 4 - Birmingham 3 | |